 Dungeon Crawl Stone Soup version 0.30.1-9-gdf580d7c3d (webtiles) character file.

Game seed: 11708474164659305747

23039 pop123321pop the Warrior (level 12, 0/122 HPs)
             Began as a Minotaur Berserker on Sept 30, 2023.
             Was a High Priest of Trog.
             Slain by a komodo dragon (18 damage)
             ... on level 2 of the Lair of Beasts.
             The game lasted 00:28:42 (18105 turns).

pop123321pop the Warrior (Minotaur Berserker)      Turns: 18105, Time: 00:28:43

Health: 0/122      AC: 19    Str: 23    XL:     12   Next: 68%
Magic:  3/3        EV:  7    Int: 10    God:    Trog [*****.]
Gold:   976        SH:  6    Dex: 14    Spells: 11/11 levels left

rFire   + . .        N - +0 trident (antimagic)
rCold   . . .        G - +0 buckler
rNeg    . . .        j - +1 plate armour
rPois   .            (helmet restricted)
rElec   .            (no cloak)
rCorr   .            E - +0 pair of gloves
SInv    .            M - +1 pair of boots {rampage}
Will    .....        (no amulet) Stlth
                     t - ring of protection from fire
HPRegen 0.40/turn    r - +6 ring of intelligence
MPRegen 0.08/turn

%: rampage
@: on berserk cooldown, slowed, very slow
A: horns 2, retaliatory headbutt
a: Renounce Religion, Berserk, Trog's Hand, Brothers in Arms


You were on level 2 of the Lair of Beasts.
You worshipped Trog.
Trog was extremely pleased with you.
You visited 2 branches of the dungeon, and saw 13 of its levels.

You collected 976 gold pieces.

Inventory:

Hand Weapons
 N - a +0 antimagic trident (weapon)
Missiles
 n - 5 throwing nets (quivered)
Armour
 c - +0 acid dragon scales
 j - a +1 plate armour (worn)
 E - a +0 pair of gloves (worn)
 G - a +0 buckler (worn)
 M - a +1 pair of boots of rampaging (worn)
Jewellery
 e - a ring of magical power
 r - a +6 ring of intelligence (right hand)
 t - a ring of protection from fire (left hand)
 C - a ring of ice
 R - a +6 ring of intelligence
Wands
 q - a wand of flame (48)
 v - a wand of quicksilver (13)
 x - a wand of digging (6)
 H - a wand of iceblast (5)
 I - a wand of mindburst (17)
 L - a wand of polymorph (12)
Scrolls
 b - a scroll of fog {unknown}
 f - 3 scrolls of enchant armour
 g - 2 scrolls of magic mapping {unknown}
 i - 3 scrolls of poison {unknown}
 l - 2 scrolls of enchant weapon
 o - a scroll of brand weapon
 s - 2 scrolls of noise
 u - 4 scrolls of immolation
 w - 6 scrolls of teleportation
 y - a scroll of fear
 D - 2 scrolls of torment
 K - a scroll of blinking {unknown}
 P - a scroll of identify
 Q - a scroll of amnesia {unknown}
Potions
 a - a potion of resistance
 d - 9 potions of curing
 h - 2 potions of berserk rage {unknown}
 k - a potion of mutation {unknown}
 m - 6 potions of attraction {unknown}
 p - 4 potions of flight {unknown}
 z - 3 potions of brilliance {unknown}
 A - a potion of haste {unknown}
 B - 3 potions of degeneration {unknown}
 F - a potion of magic {unknown}
 J - a potion of heal wounds
 O - a potion of might


   Skills:
 + Level 16.3 Fighting
 - Level 13.0 Polearms
 - Level 10.0 Armour
 - Level 2.1 Dodging
 - Level 10.0 Shields
 + Level 5.6 Evocations


You had 11 spell levels left.
You didn't know any spells.
Your spell library was empty.

Dungeon Overview and Level Annotations

Branches:
Dungeon (11/15)            Temple (0/1) D:6            Lair (2/5) D:11
  Snake (0/4) Lair:2
  Swamp: Lair:2-3    Shoals: Lair:2-3       Orc: D:9-12

Altars:
Ashenzari
Dithmenos
Elyvilon
Hepliaklqana
Kikubaaqudgha
Nemelex Xobeh
Qazlal
Ru
Trog
Vehumet
Xom
Yredelemnul

Shops:
D:1 :[(   D:6 =(?*   D:9 ?   D:10 [((

Annotations:
D:6 2 transporters


Innate Abilities, Weirdness & Mutations

You have a pair of horns on your head.
You reflexively headbutt those who attack you in melee.


Message History

Trog accepts your kill.
You hear a splash.
The water moccasin bites you but does no damage.
You feel sick. You block the water moccasin's attack.
Things that are here:
a +0 war axe; a naga corpse Your unstable footing causes you to fumble your attack.
You feel sick.
Your unstable footing causes you to fumble your attack.
You block the water moccasin's attack.
You barely miss the water moccasin. You headbutt the water moccasin.
You kill the water moccasin!
Trog accepts your kill.
You feel sick.
You now have 976 gold pieces (gained 7).
You see here a +0 mace.
You feel a strong urge to attack something.
You feel sick.
You are no longer berserk.
You are exhausted.
You feel yourself slow down.
You feel sick.
You see here a +0 mace.
You feel sick.
You are no longer poisoned.
A komodo dragon comes into view.
The komodo dragon hisses angrily.
The komodo dragon bites you!
A komodo dragon is nearby!
A komodo dragon is nearby!
You barely miss the komodo dragon. Your headbutt misses the komodo dragon.
The komodo dragon bites you!!
* * * LOW HITPOINT WARNING * * *
You puncture the komodo dragon! You headbutt the komodo dragon!
The komodo dragon is heavily wounded.
You barely miss the komodo dragon.
The komodo dragon is heavily wounded.
The komodo dragon bites you!
* * * LOW HITPOINT WARNING * * *
The komodo dragon bites you!!
You die...

#.##..# #........
.###.## #.#.~~~~~.#.#
.###..# #..~~~~~~~..##
.##..######~~~~..:~~~...
.###.###.#.~~~~....~~~..
.##P.......~~P.P..~.~~..
..###.##...~~~..>...~~..
.#########~~~.......~~.#
.#.# #.~~)..@l~~~~.^
...# ##.~~).~.~~~...
.### #..~~)~~~~~....
.###### ##..P~~~~~.P#.P
....#P###...............
....^.............##P.#P
.#.....##.....###P# ###
#####..P#..##.# ##
#...P.# ..#


You could see a komodo dragon.

Vanquished Creatures
  Erica (D:8)
  2 two-headed ogres
  A skyshark (Lair:1)
  Pikel (D:3)
  A manticore (D:11)
  Maurice (D:7)
  3 black mambas (Lair:1)
  5 cane toads
  An unseen horror (D:9)
  A torpor snail (Lair:1)
  Psyche (D:8)
  6 komodo dragons
  2 trolls
  A polar bear (Lair:2)
  11 blink frogs
  Sigmund (D:5)
  A shadow (D:11)
  A vampire (D:9)
  3 wraiths (D:11)
  A wyvern (Lair:1)
  19 yaks
  A steam dragon (D:8)
  3 nagas (Lair:2)
  Menkaure (D:4)
  3 acid dragons
  11 water moccasins
  Duvessa (D:4)
  9 orc warriors
  3 ice beasts
  5 sky beasts
  3 ogres
  7 centaurs (D:11)
  2 lemures (D:3)
  3 phantoms
  4 kobold brigands
  8 bullfrogs
  2 gnoll sergeants
  3 scorpions
  8 wights
  Dowan (D:4)
  2 howler monkeys (D:8)
  An electric eel (Lair:2)
  4 jellies
  A hound (D:5)
  3 gnoll boudas
  2 sleepcaps (D:6)
  7 orc priests
  3 iguanas
  16 orc wizards
  Ijyb (D:3)
  Robin (D:3)
  27 gnolls
  10 adders
  A shadow imp (D:7)
  A white imp (D:6)
  2 ufetubi (D:7)
  2 dart slugs (D:3)
  48 orcs
  8 ball pythons
  6 bats
  7 endoplasms
  15 goblins
  13 hobgoblins
  4 jackals (D:1)
  3 quokkas
  2 frilled lizards (D:3)
  24 kobolds
  A rat (D:3)
357 creatures vanquished.

Vanquished Creatures (collateral kills)
  A boulder beetle (D:8)
1 creature vanquished.

Vanquished Creatures (others)
  A quokka (D:6)
1 creature vanquished.

Grand Total: 359 creatures vanquished

Notes
Turn   | Place    | Note
-------+----------+-------------------------------------------
     0 | D:1      | pop123321pop the Minotaur Berserker began the quest for the
                  | Orb.
     0 | D:1      | Reached XP level 1. HP: 19/19 MP: 0/0
    15 | D:1      | Found Pogges Xyomp's Antique Armour Emporium.
   142 | D:1      | Found Worchihe's Weapon Shop.
   151 | D:1      | Reached XP level 2. HP: 26/26 MP: 1/1
   277 | D:1      | Found a faded altar of an unknown god.
   289 | D:1      | Reached skill level 5 in Polearms
   292 | D:1      | Reached XP level 3. HP: 24/31 MP: 2/2
   436 | D:1      | Found Karchoit's Book Boutique.
   564 | D:2      | Reached ** piety under Trog
   793 | D:2      | Reached XP level 4. HP: 35/39 MP: 3/3
  1239 | D:3      | Found a broken altar of Ashenzari.
  1295 | D:3      | Reached XP level 5. HP: 16/45 MP: 4/4
  1710 | D:3      | Found a bloodstained altar of Trog.
  1749 | D:3      | Noticed Ijyb
  1760 | D:3      | Killed Ijyb
  1790 | D:3      | Found a sacrificial altar of Ru.
  1814 | D:3      | Identified the +1 helmet of Plasticity {rF+}
  1814 | D:3      | Noticed Robin
  1821 | D:3      | Killed Robin
  2028 | D:3      | Reached XP level 6. HP: 6/51 MP: 5/5
  2245 | D:3      | Reached *** piety under Trog
  2581 | D:4      | Noticed Pikel
  2614 | D:3      | Killed Pikel
  2615 | D:3      | Reached skill level 10 in Polearms
  2615 | D:3      | Reached XP level 7. HP: 33/57 MP: 6/6
  2747 | D:4      | Noticed Duvessa
  2750 | D:4      | Noticed Dowan
  2764 | D:4      | Killed Duvessa
  2768 | D:4      | Reached skill level 4 in Fighting
  2782 | D:4      | Killed Dowan
  3059 | D:4      | Noticed Menkaure
  3068 | D:4      | Killed Menkaure
  3069 | D:4      | Reached skill level 5 in Fighting
  3069 | D:4      | Reached XP level 8. HP: 37/69 MP: 7/7
  3236 | D:4      | Reached skill level 6 in Fighting
  3940 | D:5      | Entered Level 5 of the Dungeon
  3952 | D:5      | Reached skill level 7 in Fighting
  4208 | D:5      | Reached skill level 8 in Fighting
  4365 | D:5      | Reached skill level 9 in Fighting
  4725 | D:5      | Reached **** piety under Trog
  4916 | D:5      | Noticed Sigmund
  4933 | D:5      | Killed Sigmund
  4934 | D:5      | Reached skill level 10 in Fighting
  4934 | D:5      | Reached XP level 9. HP: 82/86 MP: 8/8
  5273 | D:6      | Found Plog's Magic Scroll Emporium.
  5453 | D:6      | Reached skill level 11 in Fighting
  5498 | D:6      | Found a transporter.
  5498 | D:6      | Found Coboan's Weapon Shoppe.
  5525 | D:6      | Found a transporter.
  5560 | D:6      | Found a white marble altar of Elyvilon.
  5575 | D:6      | Found a staircase to the Ecumenical Temple.
  5737 | D:6      | Found an ancient bone altar of Kikubaaqudgha.
  5782 | D:6      | Found Cuvvadwa's Assorted Antiques.
  5964 | D:6      | Found a shadowy altar of Dithmenos.
  6030 | D:6      | Found Neroahiq's Jewellery Shop.
  6733 | D:7      | Reached skill level 5 in Armour
  8678 | D:8      | Reached XP level 10. HP: 96/96 MP: 9/9
  8719 | D:8      | Noticed a boulder beetle
  8744 | D:8      | Reached skill level 10 in Armour
  8773 | D:8      | HP: 3/96 [boulder beetle (2)]
  8779 | D:8      | Noticed Maurice
  8799 | D:8      | HP: 3/96 [something (3)]
  8811 | D:7      | HP: 2/96 [something (3)]
  8817 | D:7      | HP: 2/96 [something (2)]
  8843 | D:7      | Killed Maurice
  9442 | D:8      | Noticed Psyche
  9483 | D:8      | Killed Psyche
 10642 | D:8      | You fall into a shaft and drop 3 floors!
 10676 | D:11     | Noticed a manticore
 10724 | D:11     | Reached skill level 12 in Fighting
 10798 | D:10     | Entered Level 10 of the Dungeon
 10798 | D:10     | Noticed a two-headed ogre
 10798 | D:10     | Found a hazy altar of Hepliaklqana.
 10813 | D:10     | Killed a two-headed ogre
 11349 | D:10     | Found Zallev's Antique Weapon Boutique.
 11402 | D:10     | Found Foheh's Weapon Emporium.
 11460 | D:10     | Found a radiant altar of Vehumet.
 11498 | D:10     | Reached skill level 13 in Fighting
 11596 | D:10     | Found a basalt altar of Yredelemnul.
 11633 | D:10     | Found a stormy altar of Qazlal.
 11963 | D:10     | Found Fyvvywk's Armour Shop.
 12147 | D:8      | Reached XP level 11. HP: 107/107 MP: 10/10
 12252 | D:8      | Killed a boulder beetle
 12573 | D:8      | Found a sparkling altar of Nemelex Xobeh.
 12588 | D:8      | Noticed Erica
 12608 | D:8      | Killed Erica
 13246 | D:9      | Reached skill level 5 in Shields
 13823 | D:9      | Found a shimmering altar of Xom.
 13960 | D:9      | Found Kangecw Emeu's Magic Scroll Emporium.
 14644 | D:11     | Reached skill level 14 in Fighting
 14897 | D:11     | Noticed a two-headed ogre
 14909 | D:11     | Killed a two-headed ogre
 15831 | D:11     | Found a staircase to the Lair.
 15854 | Lair:1   | Entered Level 1 of the Lair of Beasts
 16131 | Lair:1   | Reached XP level 12. HP: 101/118 MP: 3/11
 16140 | Lair:1   | Reached skill level 10 in Shields
 16232 | Lair:1   | Reached skill level 1 in Evocations
 16412 | Lair:1   | Reached ***** piety under Trog
 16421 | Lair:1   | Reached skill level 15 in Fighting
 17882 | Lair:2   | Reached skill level 16 in Fighting
 17882 | Lair:2   | Reached skill level 5 in Evocations
 18065 | Lair:2   | Found a staircase to the Snake Pit.
 18105 | Lair:2   | Slain by a komodo dragon

Illustrated notes

Levels and vault maps discovered:
D:1:      zelgadis_glass_arrival_small, layout_rooms, basic_ecumenical_altar,
          serial_shops, shop_coins, shop, shop
D:2:      layout_loops_ring
D:3:      layout_loops_ring, lemuel_crystal_altar,
          mainiacjoe_overflow_catwalk_spiral, minmay_misc_feat_encased,
          minmay_gold_behind_fungi, uniq_robin, uniq_ijyb
D:4:      layout_basic, uniq_duvessa, uniq_pikel, uniq_menkaure
D:5:      cheibrodos_thug_alley, layout_loops_ring, uniq_sigmund
D:6:      minmay_klotski, layout_basic, mainiacjoe_overflow_24_doors,
          elyvilon_altar_4, kennysheep_little_box,
          minmay_temple_entry_crystal_x, serial_shops, shop_fountains,
          kennysheep_mini_moat, shop, nicolae_shop_drivethru
D:7:      layout_loops_corners
D:8:      nzn_winding_woodlands_three_and_one
          [nzn_winding_woodlands_5x15_sidewinder,
          nzn_winding_woodlands_5x15_twine, nzn_winding_woodlands_5x15_jagged,
          nzn_winding_woodlands_center_diamonds], layout_cave_pods,
          nemelex_diamond_rough_becter, minmay_misc_feat_square, uniq_erica,
          uniq_maurice, uniq_psyche
D:9:      layout_loops_ring, mainiacjoe_overflow_alcove_4, serial_shops,
          nicolae_shop_tiny_waterfront
D:10:     layout_roguey, overflow_temple_1_default,
          nicolae_hepliaklqana_hazy_memory, marbit_many_paths,
          vehumet_altar_wand_db, serial_shops, nicolae_shop_tiny_waterfront,
          shop, shop
D:11:     layout_roguey, david_lair_shrubbed
Lair:1:   layout_concentric_octagons, portal_ice_cave_entry_pillars_2,
          nzn_random_ring
Lair:2:   layout_loops_ring, guppyfry_snake_entry_island, serial_bayou_pond_e,
          infiniplex_staircase_pool, grunt_megastairs_5

Skill      XL: |  1  2  3  4  5  6  7  8  9 10 11 12 |
---------------+-------------------------------------+-----
Polearms       | 4 5 6 7 8 10 11 13 | 13.0
Fighting       | 5 10 11 13 14 16 | 16.3
Armour         | 9 10 | 10.0
Shields        | 9 10 | 10.0
Evocations     | 5 |  5.6
Dodging        | |  2.1

Action                     |  1- 3 |  4- 6 |  7- 9 | 10-12 || total
---------------------------+-------+-------+-------+-------++-------
  Melee: Spear             |    96 |   197 |   567 |   688 ||  1548
         Headbutt          |    11 |    18 |   112 |   293 ||   434
         Punch             |       |     2 |     5 |       ||     7
         Unarmed           |       |       |       |    16 ||    16
         Trident           |       |       |       |   443 ||   443
 Invoke: Berserk           |       |     4 |     4 |     7 ||    15
         Trog's Hand       |       |     1 |     2 |     3 ||     6
         Brothers in Arms  |       |       |       |     2 ||     2
    Use: Scroll            |       |       |     7 |     5 ||    12
         Potion            |       |       |     1 |     4 ||     5
   Stab: Distracted        |       |       |       |     1 ||     1
         Confused          |       |       |       |     1 ||     1
 Armour: Animal skin       |     7 |       |       |       ||     7
         Plate armour      |    19 |    83 |   138 |   398 ||   638
  Dodge: Dodged            |    32 |    36 |    98 |   213 ||   379
  Block: Buckler           |       |       |     9 |   155 ||   164
